 Dungeon Crawl Stone Soup version 0.31-a0-986-g5e6e4ef867 (webtiles) character file.

Game seed: 11359427808141233780

3147 pokeman the Thaumaturge (level 9, -18/52 HPs)
             Began as a Deep Elf Hedge Wizard on Nov 23, 2023.
             Was a Believer of Vehumet.
             Demolished by an orc warlord
             ... wielding a +3 battleaxe
              (34 damage)
             ... in a bailey.
             The game lasted 00:20:20 (7662 turns).

pokeman the Thaumaturge (Deep Elf Hedge Wizard)     Turns: 7662, Time: 00:20:21

Health: -18/52     AC:  8    Str:  7    XL:     9   Next: 62%
Magic:  2/26       EV: 13    Int: 24    God:    Vehumet [**....]
Gold:   339        SH:  0    Dex: 14    Spells: 13/31 levels left

rFire   . . .        a - +0 dagger
rCold   . . .        (no shield)
rNeg    . . .        A - +1 robe {Will+}
rPois   .            D - +0 helmet
rElec   .            (no cloak)
rCorr   .            j - +0 pair of gloves
SInv    .            h - +2 pair of boots
Will    +....        (no amulet)
Stlth   ++           (no ring)
HPRegen 0.28/turn    (no ring)
MPRegen 0.20/turn

%: no passive effects
@: no status effects
A: no striking features
a: Renounce Religion


You were in a bailey.
You worshipped Vehumet.
Vehumet was pleased with you.
You visited 1 branch of the dungeon, and saw 7 of its levels.
You also visited: Sewer and Bailey.

You collected 379 gold pieces.
You spent 40 gold pieces at shops.

Inventory:

Hand Weapons
 a - a +0 dagger (weapon)
Armour
 h - a +2 pair of boots (worn)
 i - an orb of light
 j - a +0 pair of gloves (worn)
 A - a +1 robe of willpower (worn)
 D - a +0 helmet (worn)
Magical Staves
 x - a staff of earth
Jewellery
 v - a ring of ice
Wands
 c - a wand of digging (5)
 w - a wand of roots (5)
Scrolls
 e - 2 scrolls of poison {unknown}
 f - 9 scrolls of identify {unknown}
 g - a scroll of butterflies {unknown}
 k - 8 scrolls of teleportation
 m - a scroll of blinking {unknown}
 r - 3 scrolls of fear {unknown}
 t - 2 scrolls of brand weapon {unknown}
 y - 2 scrolls of immolation {unknown}
 z - 3 scrolls of fog {unknown}
 B - a scroll of enchant weapon {unknown}
 F - a scroll of revelation {unknown}
Potions
 b - a potion of might {unknown}
 d - 2 potions of magic
 l - 3 potions of lignification {unknown}
 n - 7 potions of mutation {unknown}
 o - 2 potions of brilliance {unknown}
 p - 4 potions of enlightenment
 q - 2 potions of curing {unknown}
 s - 2 potions of degeneration {unknown}
 u - 2 potions of resistance {unknown}
 C - a potion of heal wounds {unknown}
 E - a potion of invisibility {unknown}
 G - a potion of haste {unknown}


   Skills:
 + Level 3.9 Fighting
 - Level 2.0 Armour
 - Level 3.3 Dodging
 - Level 3.0 Stealth
 * Level 11.9 Spellcasting
 + Level 6.6 Conjurations
 - Level 1.1 Summonings
 - Level 1.1 Translocations
 + Level 5.2 Fire Magic
 - Level 1.2 Air Magic
 - Level 1.3 Earth Magic
 - Level 1.4 Poison Magic
 - Level 1.0 Evocations


You had 13 spell levels left.
You knew the following spells:

 Your Spells              Type           Power      Damage    Failure   Level
a - Magic Dart            Conj           100%       1d8       1%          1
b - Mephitic Cloud        Conj/Pois/Air  29%        N/A       3%          3
c - Call Imp              Summ           38%        N/A       4%          2
d - Blink                 Tloc           38%        N/A       4%          2
e - Foxfire               Conj/Fire      100%       2x1d9     1%          1
f - Starburst             Conj/Fire      21%        6d7       50%         6
g - Volatile Blastmotes   Fire/Tloc      58%        2d14      3%          3

Your spell library contained the following spells:

 Spells                   Type           Power      Damage    Failure   Level
 Scorch                   Fire           78%        2d8       1%          2
 Dazzling Flash           Conj/Hex       60%        N/A       3%          3
 Slow                     Hex            56%        N/A       4%          1
 Cigotuvi's Dreadful Rot  Necr/Pois/Air  36%        N/A       4%          2
 Plasma Beam              Fire/Air       15%        2x1d26    86%         6
 Maxwell's Capacitive Co  Air            10%        ∞         100%        8


Dungeon Overview and Level Annotations

Branches:
Dungeon (7/15)             Temple (0/1) D:7           Sewer (visited)
 Bailey (1/1)

Altars:
Ashenzari
Elyvilon
Gozag
Sif Muna
Trog
Vehumet
Wu Jian
The Shining One

Shops:
D:6 *


Message History

The orc warlord struggles to escape constriction.
Unknown command.
The grasping roots constrict the orc warlord.
The roots release their grip on the orc warlord.
The orc warlord is engulfed in noxious fumes.
You closely miss the orc warlord.
The orc warlord is lightly wounded.
The orc warlord is engulfed in noxious fumes.
The orc warlord hits you with a +3 battleaxe.
Unknown command.
The orc warlord is engulfed in noxious fumes.
The orc warlord hits you with a +3 battleaxe!!
* * * LOW HITPOINT WARNING * * *
Unknown command.
Casting: Mephitic Cloud (dangerous; 3% risk of failure)
Confirm with . or Enter, or press ? or * to list all spells.
You blink.
Casting: Blink (safe; 4% risk of failure)
Confirm with . or Enter, or press ? or * to list all spells.
You don't have enough magic to cast this spell.
Unknown command.
Things that are here:
a +0 war axe; a +0 plate armour
Aiming: Fastroot
Press: ? - help, Shift-Dir - straight line, f - orc warlord
Aim: an orc warlord, wielding a +3 battleaxe and wearing a +0 plate armour The roots erupt in riotous growth!
Roots grab the orc warlord.
The grasping roots constrict the orc warlord, but do no damage.
The orc warlord struggles to escape constriction.
The grasping roots constrict the orc warlord!
The orc warlord struggles to escape constriction.
You feel ready to blink again.
The grasping roots constrict the orc warlord.
The roots release their grip on the orc warlord.
There is an open gate here.
The orc warlord attacks as it pursues you!
The orc warlord hits you with a +3 battleaxe!!
Ouch! That really hurt!
You die...

...#########........#≈≈♣
####~~~#~~~##(.....##≈≈♣
#~~#~.....)~#.((..##...♣
#~........!~#..))##....♣
#~8.8...8.8##...)#.....♣♣
~~.........#.....)......♣
~~....∩....#...(.'...∩.∩♣
~~.........#.....o....).♣
#~8.8...8.8##...@#...).♣♣
#~........?~#..).##....♣
#~~#~.....=~#...))##.).♣
####~~~#~~~##(.....##≈≈♣
...#########........#≈≈♣
...'...(.'....8..8..#≈≈♣
...#~~~~§#..........#≈≈♣
...#~~~~~#.........##≈≈♣
..##~~~~~##...8...##≈≈≈♣


You could see an orc warlord.

Vanquished Creatures
  An orc knight (Bailey)
  A steam dragon (D:7)
  Menkaure (D:4)
  A water moccasin (D:5)
  3 orc warriors (Bailey)
  A black bear (D:5)
  2 ice beasts (D:6)
  A sky beast (D:7)
  An ogre (D:5)
  A phantom (D:5)
  A bullfrog (D:7)
  A gnoll sergeant (D:7)
  2 scorpions
  6 wights
  2 howler monkeys
  2 jellies
  2 orc priests (D:7)
  A gnoll bouda (D:5)
  A hound (D:7)
  10 iguanas
  A sickly merfolk siren (Sewer)
  A malarious merfolk avatar (Sewer)
  14 gnolls
  10 adders
  3 river rats
  2 white imps
  A worm (D:3)
  2 dart slugs
  15 orcs
  26 ball pythons
  3 endoplasms (D:2)
  5 giant cockroaches
  8 goblins
  17 hobgoblins
  2 quokkas
  6 bats
  6 frilled lizards
  14 kobolds
  31 rats
208 creatures vanquished.

Vanquished Creatures (others)
  670 foxfires
670 creatures vanquished.

Grand Total: 878 creatures vanquished

Notes
Turn   | Place    | Note
-------+----------+-------------------------------------------
     0 | D:1      | pokeman the Deep Elf Hedge Wizard began the quest for the
                  | Orb.
     0 | D:1      | Reached XP level 1. HP: 10/10 MP: 7/7
    10 | D:1      | Noticed a centaur
   259 | D:1      | Reached XP level 2. HP: 15/16 MP: 1/9
   996 | D:2      | Reached skill level 5 in Spellcasting
  1091 | D:2      | Reached XP level 3. HP: 20/20 MP: 3/11
  1095 | D:2      | Learned a level 3 spell: Mephitic Cloud
  1098 | D:2      | Learned a level 2 spell: Call Imp
  1101 | D:2      | Learned a level 2 spell: Blink
  1162 | D:2      | Found a faded altar of an unknown god.
  1686 | D:2      | Reached skill level 1 in Fighting
  1799 | D:2      | Reached skill level 1 in Armour
  2072 | D:3      | Reached XP level 4. HP: 25/25 MP: 8/13
  2097 | D:3      | Learned a level 1 spell: Foxfire
  2121 | D:3      | Found a glowing drain.
  2147 | Sewer    | Entered a sewer
  2368 | Sewer    | Reached skill level 6 in Spellcasting
  2368 | Sewer    | Reached XP level 5. HP: 29/29 MP: 6/15
  3522 | D:4      | Reached XP level 6. HP: 34/34 MP: 0/17
  3700 | D:4      | Reached skill level 7 in Spellcasting
  3924 | D:4      | You fall into a shaft and drop 2 floors!
  3972 | D:6      | Noticed an ice beast
  3973 | D:6      | Noticed an ice beast
  3983 | D:5      | Entered Level 5 of the Dungeon
  4193 | D:5      | Noticed a water moccasin
  4200 | D:5      | Killed a water moccasin
  4201 | D:5      | Reached skill level 1 in Fire Magic
  4201 | D:5      | Reached skill level 1 in Evocations
  4303 | D:5      | Reached XP level 7. HP: 38/38 MP: 14/20
  4436 | D:4      | Noticed Menkaure
  4441 | D:4      | Killed Menkaure
  4442 | D:4      | Reached skill level 8 in Spellcasting
  4442 | D:4      | Reached skill level 1 in Air Magic
  4442 | D:4      | Reached skill level 1 in Earth Magic
  4442 | D:4      | Reached skill level 1 in Poison Magic
  5188 | D:5      | Reached XP level 8. HP: 43/43 MP: 14/22
  5256 | D:5      | Reached skill level 9 in Spellcasting
  5585 | D:5      | Found a glowing golden altar of the Shining One.
  5591 | D:5      | Found a broken altar of Ashenzari.
  5592 | D:5      | Found a white marble altar of Elyvilon.
  5592 | D:5      | Found a shimmering blue altar of Sif Muna.
  5592 | D:5      | Found a radiant altar of Vehumet.
  5596 | D:5      | Found a bloodstained altar of Trog.
  5601 | D:5      | Became a worshipper of Vehumet
  5605 | D:5      | Found an opulent altar of Gozag.
  6161 | D:6      | Reached skill level 5 in Conjurations
  6380 | D:6      | Reached skill level 10 in Spellcasting
  6427 | D:6      | Found Jaacac's Assorted Antiques.
  6435 | D:6      | Bought a scroll labelled SAAWAOFIDD for 20 gold pieces
  6435 | D:6      | Bought a scroll labelled SAAWAOFIDD for 20 gold pieces
  6675 | D:7      | Learned a level 6 spell: Starburst
  6719 | D:7      | Reached * piety under Vehumet
  6719 | D:7      | Offered knowledge of Freeze by Vehumet.
  6720 | D:7      | Reached XP level 9. HP: 49/50 MP: 13/25
  6767 | D:7      | Reached skill level 11 in Spellcasting
  6798 | D:7      | Found a staircase to the Ecumenical Temple.
  6856 | D:7      | Found an ornate altar of the Wu Jian Council.
  6917 | D:7      | Found a flagged portal.
  6927 | Bailey   | Entered a bailey
  7039 | Bailey   | Offered knowledge of Scorch by Vehumet.
  7088 | Bailey   | Noticed an orc warlord
  7102 | Bailey   | Noticed an orc knight
  7149 | Bailey   | Reached ** piety under Vehumet
  7150 | Bailey   | Killed an orc knight
  7151 | Bailey   | Reached skill level 5 in Fire Magic
  7351 | Bailey   | Found a runed translucent gate.
  7354 | Bailey   | Found a runed translucent gate.
  7356 | Bailey   | Found a runed translucent gate.
  7468 | Bailey   | Learned a level 3 spell: Volatile Blastmotes
  7662 | Bailey   | Demolished by an orc warlord

Illustrated notes

Levels and vault maps discovered:
D:1:      evilmike_arrival_come_back, layout_rooms
D:2:      layout_loops_cross, nicolae_ecumenical_snake_handling,
          nicolae_figureground_sparkle
D:3:      layout_rooms, mainiacjoe_sewer_entry_somewhere_in_here_1,
          dk_vineyard_1, minivault_5
D:4:      layout_cave_pools, uniq_menkaure
D:5:      layout_layer_cave, minitemple
D:6:      layout_rooms, serial_shops, nicolae_shop_waterfront
D:7:      wander_river, layout_rooms, kennysheep_little_box,
          mainiacjoe_overflow_catwalk, minmay_temple_entry_fiery, enter_bailey_3
Bailey:   bailey_axe_bossmonster_kennysheep, bailey

Skill      XL: |  1  2  3  4  5  6  7  8  9 |
---------------+----------------------------+-----
Spellcasting   | 5 6 7 8 10 11 | 11.9
Conjurations   | 2 3 4 5 6 |  6.6
Fighting       | 1 3 |  3.9
Armour         | 1 2 |  2.0
Dodging        | 3 |  3.3
Stealth        | 3 |  3.0
Fire Magic     | 1 2 4 5 |  5.2
Evocations     | 1 |  1.0
Air Magic      | 1 |  1.2
Earth Magic    | 1 |  1.3
Poison Magic   | 1 |  1.4
Summonings     | |  1.1
Translocations | |  1.1

Action                     |  1- 3 |  4- 6 |  7- 9 || total
---------------------------+-------+-------+-------++-------
  Melee: Dagger            |    13 |    32 |    17 ||    62
   Cast: Magic Dart        |   111 |     7 |       ||   118
         Foxfire           |       |   132 |   244 ||   376
         Blink             |       |     2 |     6 ||     8
         Mephitic Cloud    |       |     1 |    16 ||    17
         Volatile Blastmot |       |       |     8 ||     8
         Call Imp          |       |       |     1 ||     1
  Evoke: Wand              |       |       |     4 ||     4
   Stab: Sleeping          |     1 |       |       ||     1
         Confused          |       |       |     2 ||     2
 Armour: Robe              |    20 |    28 |    22 ||    70
  Dodge: Dodged            |    20 |    43 |    17 ||    80

Table legend: (Time is in decaauts)
 A = Elapsed time spent in this place.
 B = Non-inter-level travel time spent in this place.
 C = Inter-level travel time spent in this place.
 D = Time resting spent in this place.
 E = Time spent auto-exploring this place.
 F = Levels seen in this place.
 G = Mean time per level.
                   A        B        C        D        E       F      G
               +--------+--------+--------+--------+--------+-----+--------+
         Total |   7729 |   7581 |    148 |     85 |   5850 |   9 |  858.8 |
       Dungeon |   6240 |   6092 |    148 |     85 |   4947 |   7 |  891.4 |
         Sewer |    745 |    745 |      0 |      0 |    558 |   1 |  745.0 |
        Bailey |    744 |    744 |      0 |      0 |    345 |   1 |  744.0 |
               +--------+--------+--------+--------+--------+-----+--------+

Top non-repeatable levels by time:
     D:5: 1706 daAuts
     D:2: 1184 daAuts
     D:1: 882 daAuts
     D:4: 802 daAuts
   Sewer: 745 daAuts
  Bailey: 744 daAuts
     D:6: 712 daAuts
     D:3: 687 daAuts
     D:7: 264 daAuts
